Penguins vs Checkers

Created - Wednesday, February 25, 2015 at 00:34

Goals
1 2 3 T
Penguins 0 1 2 3
Checkers 0 0 1 1
Shots
1 2 3 T
Penguins 13 10 19 42
Checkers 6 9 9 24

1st period

No Goal

Penalties :
Brian McGrattan (CHA) for Fighting (Major) at 5:38, Drew Bagnall (WBS) for Fighting (Major) at 5:38, Brian McGrattan (CHA) for Fighting (Major) at 12:59, Drew Bagnall (WBS) for Fighting (Major) at 12:59, Nick Crawford (CHA) for Tripping (Minor) at 18:07

2nd period

1. Penguins , Andrej Sustr 52 (Philippe Cornet, Charles Sarault) at 1:30

Penalties :
Matt Pelech (CHA) for Fighting (Major) at 2:16, Drew Bagnall (WBS) for Fighting (Major / Game Misconduct) at 2:16, Triston Grant (CHA) for Tripping (Minor) at 3:49, Hunter Bishop (WBS) for Interference (Minor) at 16:55

3rd period

2. Penguins , Cody Ceci 10 (Charles Sarault, Philippe Cornet) at 1:16 (PP)
3. Checkers , Sami Salo 57 (Brian McGrattan) at 4:30 (PP)
4. Penguins , Andrej Sustr 53 (Linden Vey, Curtis McKenzie) at 19:38 (PP)

Penalties :
Triston Grant (CHA) for Holding (Minor) at 0:52, Andrew Campbell (CHA) for Fighting (Major) at 2:26, Jeff Schultz (WBS) for Fighting (Major) at 2:26, Matt Kassian (WBS) for Holding (Minor) at 4:11, Tom Sestito (CHA) for Holding (Minor) at 8:45, Taylor Matson (CHA) for Holding (Minor) at 9:04, Andrew Campbell (CHA) for Fighting (Major) at 13:36, Matt Kassian (WBS) for Fighting (Major) at 13:36, Mike Cornell (CHA) for Holding (Minor) at 15:34, Tom Sestito (CHA) for Fighting (Major) at 18:48, Dean Arsene (WBS) for Fighting (Major) at 18:48, Andrew Campbell (CHA) for Slashing (Minor) at 19:26

Goalie Stats

Keith Kinkaid (WBS), 23 saves from 24 shots - (0.958), W, 33-5-13, 60:00 minutes
Drew MacIntyre (CHA), 39 saves from 42 shots - (0.929), L, 36-17-16, 60:00 minutes

Players Stats for Penguins

Player Name              G  A  P  +/- PIM S  H  SB GA TA FO     MP     PP MP  PK MP  
------------------------------------------------------------------------------------
Andrej Sustr             2  0  2   1  0   9  2  0  2  2  0/0    20:59   3:56   1:34 
Carson McMillan          0  0  0   0  0   3  1  0  0  0  1/4    15:08   4:13   0:00 
Charles Sarault          0  2  2   1  0   3  2  0  2  1  9/17   21:27   4:38   0:00 
Cody Ceci                1  0  1   0  0   9  3  5  1  1  0/0    27:26   4:55   0:44 
Curtis McKenzie          0  1  1   0  0   4  2  0  0  0  9/17   26:33   4:13   1:43 
Dan Biega                0  0  0   0  0   0  0  2  0  0  0/0    14:17   0:00   0:00 
Dean Arsene              0  0  0   0  5   0  1  0  0  2  0/0    14:00   0:00   0:19 
Drew Bagnall             0  0  0   0  25  0  0  0  0  1  0/0     1:56   0:00   0:00 
Dustin Gazley            0  0  0   0  0   0  1  0  0  1  0/0    10:10   0:00   0:43 
Garrett Meurs            0  0  0   1  0   2  3  0  1  0  1/1    22:10   4:38   0:35 
Hunter Bishop            0  0  0   0  2   0  0  0  1  1  0/0    11:51   0:00   0:00 
Jeff Schultz             0  0  0   0  5   2  1  0  0  0  0/0    19:55   4:55   0:25 
Linden Vey               0  1  1   0  0   4  1  0  6  2  14/22  23:15   4:13   1:00 
Matt Kassian             0  0  0   0  7   1  3  0  3  0  0/0    11:33   0:00   0:00 
Matt Mangene             0  0  0   0  0   0  2  0  0  0  0/0    13:14   0:00   0:00 
Philippe Cornet          0  2  2   1  0   4  1  0  1  0  0/2    22:18   4:38   0:35 
Trevor Parkes            0  0  0   0  0   0  0  0  0  0  0/0     0:00   0:00   0:00 
Xavier Ouellet           0  0  0   1  0   1  3  1  0  1  0/0    21:22   3:56   1:34 

Players Stats for Checkers

Player Name              G  A  P  +/- PIM S  H  SB GA TA FO     MP     PP MP  PK MP  
------------------------------------------------------------------------------------
Andrew Campbell          0  0  0  -1  12  0  2  3  0  0  0/0    18:44   0:59   4:02 
Andrew Clark             0  0  0   0  0   3  0  0  4  0  3/11   14:23   0:00   4:50 
Blake Parlett            0  0  0   0  0   1  0  3  0  1  0/0    23:40   1:19   4:49 
Brian McGrattan          0  1  1   0  10  5  1  0  0  1  0/0    11:58   1:23   0:00 
Cody Bass                0  0  0   0  0   2  2  1  0  1  1/1    14:16   0:00   3:42 
Corey Locke              0  0  0   0  0   2  1  0  1  0  4/8    12:42   0:55   0:00 
J.T. Wyman               0  0  0   0  0   0  2  0  0  0  0/1    12:42   0:55   0:00 
Jim O'Brien              0  0  0   0  0   3  3  0  1  0  11/21  16:10   1:23   0:51 
Jordan Kremyr            0  0  0   0  0   0  0  0  0  0  0/1    14:47   1:23   0:00 
Julien Brouillette       0  0  0   0  0   1  1  1  0  4  0/0    20:08   0:00   2:30 
Matt Pelech              0  0  0   0  5   0  1  2  0  0  0/0     9:14   0:00   0:00 
Mike Cornell             0  0  0   0  2   0  1  0  2  0  0/0    17:01   0:00   1:49 
Nick Crawford            0  0  0  -1  2   0  1  0  2  0  0/0    21:47   0:59   3:20 
Sami Salo                1  0  1   0  0   4  0  0  1  2  0/0    18:54   1:19   1:12 
Sean Backman             0  0  0  -1  0   0  1  1  5  1  0/1    19:13   0:00   3:20 
Taylor Matson            0  0  0  -1  2   0  0  1  0  0  10/19  17:16   0:00   3:09 
Tom Sestito              0  0  0   0  7   2  1  0  3  0  0/0    12:49   0:55   0:09 
Triston Grant            0  0  0  -1  4   1  0  0  1  0  0/0    13:32   0:00   0:00 

3 Stars

1 - Andrej Sustr (WBS)
2 - Keith Kinkaid (WBS)
3 - Cody Ceci (WBS)

Power Play

Penguins - 2 on 7 Attempt(s) - 28.57%
Checkers - 1 on 2 Attempt(s) - 50.00%

Penalty Kill

Penguins - 1 on 2 Attempt(s) - 50.00% - Score 0 goal in Penalty Kill
Checkers - 5 on 7 Attempt(s) - 71.43% - Score 0 goal in Penalty Kill

Team Stat

Penguins - Hits : 26 - Faceoff Wins : 34 - Blocked Shots : 8 - Penalty Minutes : 44
Checkers - Hits : 17 - Faceoff Wins : 29 - Blocked Shots : 12 - Penalty Minutes : 44

Official

Referees : Unknown
Linesman : Unknown

Game Notes

Drew Bagnall beats up Brian McGrattan at 5:38 of 1st period
Brian McGrattan and Drew Bagnall fight to a draw at 12:59 of 1st period
Matt Pelech beats up Drew Bagnall at 2:16 of 2nd period
Drew Bagnall ejected from game at 2:16 of 2nd period
Andrew Campbell beats up Jeff Schultz at 2:26 of 3rd period
Matt Kassian beats up Andrew Campbell at 13:36 of 3rd period
Tom Sestito beats up Dean Arsene at 18:48 of 3rd period

Finance

Level 1 -- Attendance: 1363 (68.15%) -- Ticket Income $43,616
Level 2 -- Attendance: 806 (80.60%) -- Ticket Income $9,672
Total Attendance: 2169 (72.30%)
Total Ticket Income: $53,288
Other Income: $26,111
Total Income: $79,399

Penguins

5 vs 5 Forward 
   Center                   Left Wing                Right Wing               Time % Phy DF OF 
 1 Linden Vey               Curtis McKenzie          Carson McMillan          35     1   2  2  
 2 Charles Sarault          Philippe Cornet          Garrett Meurs            30     1   2  2  
 3 Curtis McKenzie          Matt Kassian             Matt Mangene             22     1   2  2  
 4 Linden Vey               Hunter Bishop            Dustin Gazley            13     1   2  2  

5 vs 5 Defense 
   Defense                  Defense                                           Time % Phy DF OF 
 1 Cody Ceci                Jeff Schultz                                      35     1   2  2  
 2 Andrej Sustr             Xavier Ouellet                                    30     1   2  2  
 3 Dan Biega                Drew Bagnall                                      22     1   2  2  
 4 Dean Arsene              Cody Ceci                                         13     1   2  2  

PowerPlay Forward 
   Center                   Left Wing                Right Wing               Time % Phy DF OF 
 1 Linden Vey               Curtis McKenzie          Carson McMillan          60     1   2  2  
 2 Charles Sarault          Philippe Cornet          Garrett Meurs            40     1   2  2  

PowerPlay Defense
   Defense                  Defense                                           Time % Phy DF OF 
 1 Cody Ceci                Jeff Schultz                                      60     1   2  2  
 2 Andrej Sustr             Xavier Ouellet                                    40     1   2  2  

Penalty Kill 4 Players Forward 
   Center                   Wing                     Time % Phy DF OF 
 1 Curtis McKenzie          Linden Vey               60     1   2  2  
 2 Philippe Cornet          Matt Kassian             40     1   2  2  

Penalty Kill 4 Players Defense
   Defense                  Defense                  Time % Phy DF OF 
 1 Cody Ceci                Jeff Schultz             60     1   2  2  
 2 Andrej Sustr             Xavier Ouellet           40     1   2  2  

Penalty Kill - 3 Players Forward 
   Forward                                           Time % Phy DF OF 
 1 Curtis McKenzie                                   60     1   2  2  
 2 Linden Vey                                        40     1   2  2  

Penalty Kill - 3 Players Defense
   Defense                  Defense                  Time % Phy DF OF 
 1 Cody Ceci                Jeff Schultz             60     1   2  2  
 2 Andrej Sustr             Xavier Ouellet           40     1   2  2  

4 vs 4 Forward 
   Center                   Wing                     Time % Phy DF OF 
 1 Curtis McKenzie          Linden Vey               60     1   2  2  
 2 Philippe Cornet          Matt Kassian             40     1   2  2  

4 vs 4 Defense
   Defense                  Defense                  Time % Phy DF OF 
 1 Cody Ceci                Jeff Schultz             60     1   2  2  
 2 Andrej Sustr             Xavier Ouellet           40     1   2  2  

Last Minutes Offensive
   Center                   Left Wing                Right Wing               Defense                  Defense                  
   Linden Vey               Curtis McKenzie          Carson McMillan          Cody Ceci                Jeff Schultz             

Last Minutes Defensive
   Center                   Left Wing                Right Wing               Defense                  Defense                  
   Linden Vey               Curtis McKenzie          Carson McMillan          Cody Ceci                Jeff Schultz             

Goaltenders
Starting : Keith Kinkaid            
Backup : Mark Visentin            

Extra Forwards
Normal : Hunter Bishop, Matt Mangene, Dustin Gazley - PP : Hunter Bishop, Matt Mangene - PK : Dustin Gazley
Extra Defensemen
Normal : Dan Biega, Drew Bagnall, Dean Arsene - PP : Dan Biega - PK : Drew Bagnall, Dean Arsene
Penalty Shots
Curtis McKenzie, Linden Vey, Philippe Cornet, Matt Kassian, Carson McMillan

Checkers

5 vs 5 Forward 
   Center                   Left Wing                Right Wing               Time % Phy DF OF 
 1 Jim O'Brien              Jordan Kremyr            Brian McGrattan          28     1   2  2  
 2 Corey Locke              Tom Sestito              J.T. Wyman               27     1   2  2  
 3 Taylor Matson            Triston Grant            Sean Backman             25     1   2  2  
 4 Andrew Clark             Matt Pelech              Cody Bass                20     1   2  2  

5 vs 5 Defense 
   Defense                  Defense                                           Time % Phy DF OF 
 1 Sami Salo                Blake Parlett                                     35     1   2  2  
 2 Andrew Campbell          Nick Crawford                                     35     1   2  2  
 3 Julien Brouillette       Mike Cornell                                      30     1   2  2  
 4 Nick Crawford            Blake Parlett                                     0      1   2  2  

PowerPlay Forward 
   Center                   Left Wing                Right Wing               Time % Phy DF OF 
 1 Jim O'Brien              Jordan Kremyr            Brian McGrattan          50     0   1  4  
 2 Corey Locke              Tom Sestito              J.T. Wyman               50     0   1  4  

PowerPlay Defense
   Defense                  Defense                                           Time % Phy DF OF 
 1 Sami Salo                Blake Parlett                                     50     0   1  4  
 2 Andrew Campbell          Nick Crawford                                     50     0   1  4  

Penalty Kill 4 Players Forward 
   Center                   Wing                     Time % Phy DF OF 
 1 Andrew Clark             Cody Bass                50     1   3  1  
 2 Taylor Matson            Sean Backman             50     1   3  1  

Penalty Kill 4 Players Defense
   Defense                  Defense                  Time % Phy DF OF 
 1 Julien Brouillette       Blake Parlett            50     1   3  1  
 2 Andrew Campbell          Nick Crawford            50     1   3  1  

Penalty Kill - 3 Players Forward 
   Forward                                           Time % Phy DF OF 
 1 Andrew Clark                                      50     0   5  0  
 2 Taylor Matson                                     50     0   5  0  

Penalty Kill - 3 Players Defense
   Defense                  Defense                  Time % Phy DF OF 
 1 Sami Salo                Blake Parlett            50     0   5  0  
 2 Andrew Campbell          Nick Crawford            50     0   5  0  

4 vs 4 Forward 
   Center                   Wing                     Time % Phy DF OF 
 1 Jim O'Brien              Brian McGrattan          50     1   2  2  
 2 Corey Locke              Tom Sestito              50     1   2  2  

4 vs 4 Defense
   Defense                  Defense                  Time % Phy DF OF 
 1 Mike Cornell             Blake Parlett            50     1   2  2  
 2 Andrew Campbell          Nick Crawford            50     1   2  2  

Last Minutes Offensive
   Center                   Left Wing                Right Wing               Defense                  Defense                  
   Jim O'Brien              Brian McGrattan          Tom Sestito              Sami Salo                Blake Parlett            

Last Minutes Defensive
   Center                   Left Wing                Right Wing               Defense                  Defense                  
   Jim O'Brien              Brian McGrattan          Tom Sestito              Sami Salo                Blake Parlett            

Goaltenders
Starting : Drew MacIntyre           
Backup : Nathan Lawson            

Extra Forwards
Normal : Sean Backman, Cody Bass, Jim O'Brien - PP : Sean Backman, Cody Bass - PK : Jim O'Brien
Extra Defensemen
Normal : Julien Brouillette, Mike Cornell, Andrew Campbell - PP : Julien Brouillette - PK : Mike Cornell, Andrew Campbell
Penalty Shots
Brian McGrattan, Jim O'Brien, Sean Backman, Tom Sestito, Corey Locke

% Time on Ice - Penguins

Lines # - Real PCT - Wanted PCT - Time Play
Normal Forward
1 - 22% - 35% - 10:41
2 - 33% - 30% - 16:00
3 - 26% - 22% - 12:40
4 - 19% - 13% - 9:27
Normal Defense
1 - 32% - 35% - 15:51
2 - 32% - 30% - 15:29
3 - 27% - 22% - 12:59
4 - 9% - 13% - 4:29
PP Forward
1 - 48% - 60% - 4:13
2 - 52% - 40% - 4:38
PP Defense
1 - 56% - 60% - 4:55
2 - 44% - 40% - 3:56
PK Forward
1 - 100% - 60% - 2:18
2 - 0% - 40% - 0:00
PK Defense
1 - 32% - 60% - 0:44
2 - 68% - 40% - 1:34
PK3 Forward
1 - 0% - 60%
2 - 0% - 40%
PK3 Defense
1 - 0% - 60%
2 - 0% - 40%
44 Forward
1 - 0% - 60%
2 - 0% - 40%
44 Defense
1 - 0% - 60%
2 - 0% - 40%
Last Minute Offensive  - 0:00
Last Minute Defensive  - 0:03
Total
Forward - 60:00
Defense - 60:00

% Time on Ice - Checkers

Lines # - Real PCT - Wanted PCT - Time Play
Normal Forward
1 - 28% - 28% - 13:42
2 - 28% - 27% - 13:34
3 - 25% - 25% - 12:20
4 - 19% - 20% - 9:15
Normal Defense
1 - 35% - 35% - 17:05
2 - 36% - 35% - 17:28
3 - 29% - 30% - 14:18
4 - 0% - 0% - 0:00
PP Forward
1 - 60% - 50% - 1:23
2 - 40% - 50% - 0:55
PP Defense
1 - 57% - 50% - 1:19
2 - 43% - 50% - 0:59
PK Forward
1 - 54% - 50% - 3:51
2 - 46% - 50% - 3:20
PK Defense
1 - 39% - 50% - 2:49
2 - 61% - 50% - 4:22
PK3 Forward
1 - 59% - 50% - 0:59
2 - 41% - 50% - 0:41
PK3 Defense
1 - 53% - 50% - 0:53
2 - 47% - 50% - 0:47
44 Forward
1 - 0% - 50%
2 - 0% - 50%
44 Defense
1 - 0% - 50%
2 - 0% - 50%
Last Minute Offensive  - 0:00
Last Minute Defensive  - 0:00
Total
Forward - 60:00
Defense - 60:00

Play by Play

1st period


0:01 of 1st period - Jim O'Brien wins face-off versus Linden Vey in neutral zone.
0:48 of 1st period - Snap shot by Philippe Cornet.
0:48 of 1st period - Shot Misses the Net.
1:31 of 1st period - Icing by Matt Mangene.
1:32 of 1st period - Corey Locke wins face-off versus Curtis McKenzie in Penguins zone.
2:00 of 1st period - J.T. Wyman is hit by Matt Mangene and loses puck.
2:39 of 1st period - Slapshot by Julien Brouillette.
2:39 of 1st period - Stopped by Keith Kinkaid with a rebound.
2:41 of 1st period - Slapshot by Julien Brouillette.
2:41 of 1st period - Shot Blocked by Dan Biega.
2:43 of 1st period - Snap shot by Julien Brouillette.
2:43 of 1st period - Shot Misses the Net.
2:45 of 1st period - Slapshot by Andrew Campbell.
2:45 of 1st period - Shot Blocked by Dan Biega.
3:03 of 1st period - Slapshot by Cody Ceci.
3:03 of 1st period - Stopped by Drew MacIntyre with a rebound.
3:07 of 1st period - Slapshot by Philippe Cornet.
3:07 of 1st period - Stopped by Drew MacIntyre with a rebound.
3:09 of 1st period - Slapshot by Cody Ceci.
3:09 of 1st period - Stopped by Drew MacIntyre with a rebound.
3:11 of 1st period - Wrist shot by Charles Sarault.
3:11 of 1st period - Stopped by Drew MacIntyre with a rebound.
3:13 of 1st period - Slapshot by Dean Arsene.
3:13 of 1st period - Shot Blocked by Matt Pelech.
3:53 of 1st period - Tom Sestito is hit by Matt Kassian and loses puck.
4:44 of 1st period - Blake Parlett is hit by Garrett Meurs and loses puck.
5:02 of 1st period - Off-side.
5:03 of 1st period - Linden Vey wins face-off versus Andrew Clark in neutral zone.
5:29 of 1st period - Icing by Jeff Schultz.
5:30 of 1st period - Jim O'Brien wins face-off versus Curtis McKenzie in Penguins zone.
5:35 of 1st period - Snap shot by Brian McGrattan.
5:35 of 1st period - Stopped by Keith Kinkaid without a rebound.
5:36 of 1st period - Jim O'Brien wins face-off versus Charles Sarault in Penguins zone.
5:38 of 1st period - Drew Bagnall beats up Brian McGrattan.
5:38 of 1st period - Penalty to Brian McGrattan for Fighting.
5:38 of 1st period - Penalty to Drew Bagnall for Fighting.
5:39 of 1st period - Charles Sarault wins face-off versus Corey Locke in Penguins zone.
6:23 of 1st period - Icing by Charles Sarault.
6:24 of 1st period - Linden Vey wins face-off versus Jim O'Brien in Penguins zone.
6:31 of 1st period - Snap shot by Linden Vey.
6:31 of 1st period - Stopped by Drew MacIntyre with a rebound.
6:33 of 1st period - Slapshot by Dean Arsene.
6:33 of 1st period - Shot Blocked by Julien Brouillette.
6:35 of 1st period - Wrist shot by Carson McMillan.
6:35 of 1st period - Stopped by Drew MacIntyre without a rebound.
6:36 of 1st period - Linden Vey wins face-off versus Jim O'Brien in Checkers zone.
6:37 of 1st period - Slapshot by Cody Ceci.
6:37 of 1st period - Stopped by Drew MacIntyre without a rebound.
6:38 of 1st period - Jim O'Brien wins face-off versus Carson McMillan in Checkers zone.
6:44 of 1st period - Jim O'Brien is hit by Linden Vey and loses puck.
7:25 of 1st period - Wrist shot by Charles Sarault.
7:25 of 1st period - Stopped by Drew MacIntyre without a rebound.
7:26 of 1st period - Charles Sarault wins face-off versus Andrew Clark in Checkers zone.
9:14 of 1st period - Nick Crawford is hit by Dean Arsene and loses puck.
9:45 of 1st period - Snap shot by Cody Bass.
9:45 of 1st period - Stopped by Keith Kinkaid without a rebound.
9:46 of 1st period - Jim O'Brien wins face-off versus Curtis McKenzie in Penguins zone.
10:07 of 1st period - Snap shot by Cody Bass.
10:07 of 1st period - Shot Blocked by Cody Ceci.
10:28 of 1st period - Off-side.
10:29 of 1st period - Andrew Clark wins face-off versus Philippe Cornet in neutral zone.
10:43 of 1st period - Slapshot by Andrej Sustr.
10:43 of 1st period - Shot Blocked by Cody Bass.
10:45 of 1st period - Wrist shot by Charles Sarault.
10:45 of 1st period - Shot Misses the Net.
10:47 of 1st period - Slapshot by Andrej Sustr.
10:47 of 1st period - Stopped by Drew MacIntyre without a rebound.
10:48 of 1st period - Curtis McKenzie wins face-off versus Taylor Matson in Checkers zone.
11:45 of 1st period - Off-side.
11:46 of 1st period - Charles Sarault wins face-off versus J.T. Wyman in neutral zone.
12:42 of 1st period - Nick Crawford is hit by Matt Mangene and loses puck.
12:58 of 1st period - Icing by Jim O'Brien.
12:59 of 1st period - Linden Vey wins face-off versus Jim O'Brien in Checkers zone.
12:59 of 1st period - Brian McGrattan and Drew Bagnall fight to a draw.
12:59 of 1st period - Penalty to Brian McGrattan for Fighting.
12:59 of 1st period - Penalty to Drew Bagnall for Fighting.
13:00 of 1st period - Taylor Matson wins face-off versus Charles Sarault in Checkers zone.
13:49 of 1st period - Andrew Clark is hit by Cody Ceci and loses puck.
13:59 of 1st period - Snap shot by Andrew Clark.
13:59 of 1st period - Shot Misses the Net.
14:01 of 1st period - Slapshot by Julien Brouillette.
14:01 of 1st period - Shot Misses the Net.
14:03 of 1st period - Snap shot by Andrew Clark.
14:03 of 1st period - Stopped by Keith Kinkaid without a rebound.
14:04 of 1st period - Linden Vey wins face-off versus Corey Locke in Penguins zone.
14:35 of 1st period - Julien Brouillette is hit by Xavier Ouellet and loses puck.
15:00 of 1st period - Sami Salo is hit by Xavier Ouellet and loses puck.
16:05 of 1st period - Matt Pelech is hit by Charles Sarault.
16:09 of 1st period - Wrist shot by Andrew Clark.
16:09 of 1st period - Stopped by Keith Kinkaid with a rebound.
16:35 of 1st period - Wrist shot by Triston Grant.
16:35 of 1st period - Stopped by Keith Kinkaid with a rebound.
16:57 of 1st period - Snap shot by Linden Vey.
16:57 of 1st period - Stopped by Drew MacIntyre without a rebound.
16:58 of 1st period - Corey Locke wins face-off versus Curtis McKenzie in Checkers zone.
17:09 of 1st period - Wrist shot by Linden Vey.
17:09 of 1st period - Stopped by Drew MacIntyre with a rebound.
17:53 of 1st period - Matt Kassian is hit by Cody Bass.
17:57 of 1st period - Snap shot by Cody Ceci.
17:57 of 1st period - Deflect By Sami Salo.
17:57 of 1st period - Stopped by Drew MacIntyre without a rebound.
17:58 of 1st period - Curtis McKenzie wins face-off versus Jim O'Brien in Checkers zone.
18:05 of 1st period - Slapshot by Cody Ceci.
18:05 of 1st period - Stopped by Drew MacIntyre with a rebound.
18:07 of 1st period - Minor Penalty to Nick Crawford for Tripping.
18:08 of 1st period - Andrew Clark wins face-off versus Linden Vey in Checkers zone.
Goals for this period are 0 for Penguins vs 0 for Checkers.
Shots for this period are 13 for Penguins vs 6 for Checkers.

2nd period


0:01 of 2nd period - Taylor Matson wins face-off versus Linden Vey in neutral zone.
0:07 of 2nd period - Penalty to Nick Crawford is over, Nick Crawford is back on ice.
1:25 of 2nd period - Slapshot by Philippe Cornet.
1:25 of 2nd period - Stopped by Drew MacIntyre with a rebound.
1:30 of 2nd period - Slapshot by Andrej Sustr.
1:30 of 2nd period - Goal by Andrej Sustr - Penguins : 1 - Checkers : 0.
1:31 of 2nd period - Cody Bass wins face-off versus Curtis McKenzie in neutral zone.
1:38 of 2nd period - Wrist shot by Andrew Clark.
1:38 of 2nd period - Stopped by Keith Kinkaid with a rebound.
1:45 of 2nd period - Off-side.
1:46 of 2nd period - Curtis McKenzie wins face-off versus Andrew Clark in neutral zone.
1:55 of 2nd period - Snap shot by Matt Kassian.
1:55 of 2nd period - Shot Blocked by Matt Pelech.
1:57 of 2nd period - Snap shot by Curtis McKenzie.
1:57 of 2nd period - Stopped by Drew MacIntyre with a rebound.
1:59 of 2nd period - Slapshot by Dan Biega.
1:59 of 2nd period - Shot Misses the Net.
2:01 of 2nd period - Slapshot by Curtis McKenzie.
2:01 of 2nd period - Shot Misses the Net.
2:03 of 2nd period - Snap shot by Matt Mangene.
2:03 of 2nd period - Shot Misses the Net.
2:09 of 2nd period - Wrist shot by Matt Kassian.
2:09 of 2nd period - Shot Misses the Net.
2:16 of 2nd period - Matt Pelech beats up Drew Bagnall.
2:16 of 2nd period - Penalty to Matt Pelech for Fighting.
2:16 of 2nd period - Penalty to Drew Bagnall for Fighting.
2:16 of 2nd period - Drew Bagnall is ejected from game.
2:17 of 2nd period - Jim O'Brien wins face-off versus Charles Sarault in Checkers zone.
2:30 of 2nd period - Snap shot by Jim O'Brien.
2:30 of 2nd period - Deflect By Brian McGrattan.
2:30 of 2nd period - Stopped by Keith Kinkaid with a rebound.
2:36 of 2nd period - Jim O'Brien is hit by Cody Ceci and loses puck.
2:41 of 2nd period - Slapshot by Cody Ceci.
2:41 of 2nd period - Stopped by Drew MacIntyre with a rebound.
2:43 of 2nd period - Snap shot by Jeff Schultz.
2:43 of 2nd period - Stopped by Drew MacIntyre with a rebound.
2:45 of 2nd period - Snap shot by Philippe Cornet.
2:45 of 2nd period - Shot Blocked by Andrew Campbell.
2:47 of 2nd period - Slapshot by Philippe Cornet.
2:47 of 2nd period - Shot Misses the Net.
2:49 of 2nd period - Snap shot by Garrett Meurs.
2:49 of 2nd period - Stopped by Drew MacIntyre with a rebound.
3:11 of 2nd period - J.T. Wyman is hit by Curtis McKenzie and loses puck.
3:18 of 2nd period - Wrist shot by Tom Sestito.
3:18 of 2nd period - Stopped by Keith Kinkaid with a rebound.
3:20 of 2nd period - Slapshot by Sami Salo.
3:20 of 2nd period - Deflect By Corey Locke.
3:20 of 2nd period - Stopped by Keith Kinkaid with a rebound.
3:27 of 2nd period - Wrist shot by Corey Locke.
3:27 of 2nd period - Stopped by Keith Kinkaid with a rebound.
3:29 of 2nd period - Slapshot by Sami Salo.
3:29 of 2nd period - Deflect By Tom Sestito.
3:29 of 2nd period - Shot Misses the Net.
3:29 of 2nd period - Puck is out of play.
3:30 of 2nd period - Linden Vey wins face-off versus Taylor Matson in Penguins zone.
3:40 of 2nd period - Off-side.
3:41 of 2nd period - Linden Vey wins face-off versus Taylor Matson in neutral zone.
3:49 of 2nd period - Minor Penalty to Triston Grant for Tripping.
3:50 of 2nd period - Charles Sarault wins face-off versus Sean Backman in Checkers zone.
4:08 of 2nd period - Backhand shot by Cody Ceci.
4:08 of 2nd period - Shot Misses the Net.
4:10 of 2nd period - Snap shot by Garrett Meurs.
4:10 of 2nd period - Shot Blocked by Blake Parlett.
4:18 of 2nd period - Slapshot by Cody Ceci.
4:18 of 2nd period - Stopped by Drew MacIntyre with a rebound.
4:20 of 2nd period - Wrist shot by Philippe Cornet.
4:20 of 2nd period - Shot Misses the Net.
4:22 of 2nd period - Snap shot by Philippe Cornet.
4:22 of 2nd period - Stopped by Drew MacIntyre without a rebound.
4:23 of 2nd period - Taylor Matson wins face-off versus Linden Vey in Checkers zone.
4:58 of 2nd period - Snap shot by Linden Vey.
4:58 of 2nd period - Shot Misses the Net.
5:20 of 2nd period - Andrew Campbell is hit by Philippe Cornet and loses puck.
5:49 of 2nd period - Penalty to Triston Grant is over, Triston Grant is back on ice.
6:00 of 2nd period - Nick Crawford is hit by Matt Kassian and loses puck.
7:29 of 2nd period - Brian McGrattan is hit by Matt Kassian and loses puck.
8:51 of 2nd period - Slapshot by Blake Parlett.
8:51 of 2nd period - Stopped by Keith Kinkaid with a rebound.
8:53 of 2nd period - Slapshot by Sami Salo.
8:53 of 2nd period - Shot Misses the Net.
8:59 of 2nd period - Wrist shot by Cody Bass.
8:59 of 2nd period - Shot Blocked by Cody Ceci.
9:53 of 2nd period - Xavier Ouellet is hit by Corey Locke.
10:17 of 2nd period - Dan Biega is hit by Cody Bass and loses puck.
11:34 of 2nd period - Jordan Kremyr is hit by Dustin Gazley and loses puck.
11:49 of 2nd period - Blake Parlett is hit by Charles Sarault and loses puck.
12:00 of 2nd period - Wrist shot by Andrej Sustr.
12:00 of 2nd period - Stopped by Drew MacIntyre with a rebound.
12:43 of 2nd period - Off-side.
12:44 of 2nd period - Corey Locke wins face-off versus Carson McMillan in neutral zone.
12:49 of 2nd period - Slapshot by Tom Sestito.
12:49 of 2nd period - Shot Blocked by Cody Ceci.
12:57 of 2nd period - Wrist shot by Matt Kassian.
12:57 of 2nd period - Stopped by Drew MacIntyre without a rebound.
12:58 of 2nd period - Carson McMillan wins face-off versus Andrew Clark in Checkers zone.
13:17 of 2nd period - Sami Salo is hit by Garrett Meurs and loses puck.
14:25 of 2nd period - Snap shot by Brian McGrattan.
14:25 of 2nd period - Stopped by Keith Kinkaid with a rebound.
14:33 of 2nd period - Slapshot by Jim O'Brien.
14:33 of 2nd period - Stopped by Keith Kinkaid without a rebound.
14:34 of 2nd period - Linden Vey wins face-off versus Jim O'Brien in Penguins zone.
15:01 of 2nd period - Linden Vey is hit by J.T. Wyman and loses puck.
16:17 of 2nd period - Carson McMillan is hit by Andrew Campbell and loses puck.
16:32 of 2nd period - Wrist shot by Cody Bass.
16:32 of 2nd period - Stopped by Keith Kinkaid with a rebound.
16:55 of 2nd period - Minor Penalty to Hunter Bishop for Interference.
16:56 of 2nd period - Jim O'Brien wins face-off versus Curtis McKenzie in Penguins zone.
17:09 of 2nd period - Wrist shot by Brian McGrattan.
17:09 of 2nd period - Shot Misses the Net.
17:11 of 2nd period - Wrist shot by Jordan Kremyr.
17:11 of 2nd period - Deflect By Brian McGrattan.
17:11 of 2nd period - Shot Blocked by Cody Ceci.
17:11 of 2nd period - Puck is out of play.
17:12 of 2nd period - Curtis McKenzie wins face-off versus Jim O'Brien in Penguins zone.
17:53 of 2nd period - Dustin Gazley is hit by J.T. Wyman and loses puck.
18:34 of 2nd period - Andrej Sustr is hit by Jim O'Brien and loses puck.
18:55 of 2nd period - Penalty to Hunter Bishop is over, Hunter Bishop is back on ice.
Goals for this period are 1 for Penguins vs 0 for Checkers.
Shots for this period are 10 for Penguins vs 9 for Checkers.

3rd period


0:01 of 3rd period - Linden Vey wins face-off versus Taylor Matson in neutral zone.
0:16 of 3rd period - Slapshot by Linden Vey.
0:16 of 3rd period - Stopped by Drew MacIntyre with a rebound.
0:18 of 3rd period - Slapshot by Curtis McKenzie.
0:18 of 3rd period - Stopped by Drew MacIntyre without a rebound.
0:19 of 3rd period - Taylor Matson wins face-off versus Carson McMillan in Checkers zone.
0:24 of 3rd period - Slapshot by Nick Crawford.
0:24 of 3rd period - Shot Misses the Net.
0:31 of 3rd period - Cody Ceci is hit by Andrew Campbell and loses puck.
0:38 of 3rd period - Slapshot by Cody Ceci.
0:38 of 3rd period - Stopped by Drew MacIntyre with a rebound.
0:40 of 3rd period - Wrist shot by Linden Vey.
0:40 of 3rd period - Shot Blocked by Taylor Matson.
0:42 of 3rd period - Wrist shot by Carson McMillan.
0:42 of 3rd period - Shot Misses the Net.
0:52 of 3rd period - Minor Penalty to Triston Grant for Holding.
0:53 of 3rd period - Charles Sarault wins face-off versus Andrew Clark in Checkers zone.
1:16 of 3rd period - Slapshot by Cody Ceci.
1:16 of 3rd period - Goal by Cody Ceci - Penguins : 2 - Checkers : 0.
1:17 of 3rd period - Linden Vey wins face-off versus Jim O'Brien in neutral zone.
1:32 of 3rd period - Slapshot by Andrej Sustr.
1:32 of 3rd period - Shot Blocked by Blake Parlett.
1:34 of 3rd period - Backhand shot by Andrej Sustr.
1:34 of 3rd period - Stopped by Drew MacIntyre without a rebound.
1:35 of 3rd period - Linden Vey wins face-off versus Jordan Kremyr in Checkers zone.
2:04 of 3rd period - Slapshot by Andrej Sustr.
2:04 of 3rd period - Deflect By Curtis McKenzie.
2:04 of 3rd period - Stopped by Drew MacIntyre without a rebound.
2:05 of 3rd period - Charles Sarault wins face-off versus Taylor Matson in Checkers zone.
2:09 of 3rd period - Icing by Nick Crawford.
2:10 of 3rd period - Taylor Matson wins face-off versus Charles Sarault in Checkers zone.
2:26 of 3rd period - Andrew Campbell beats up Jeff Schultz.
2:26 of 3rd period - Penalty to Andrew Campbell for Fighting.
2:26 of 3rd period - Penalty to Jeff Schultz for Fighting.
2:27 of 3rd period - Jim O'Brien wins face-off versus Linden Vey in Checkers zone.
2:40 of 3rd period - Curtis McKenzie is hit by Jim O'Brien and loses puck.
3:42 of 3rd period - Slapshot by Sami Salo.
3:42 of 3rd period - Stopped by Keith Kinkaid with a rebound.
3:44 of 3rd period - Slapshot by Blake Parlett.
3:44 of 3rd period - Deflect By Triston Grant.
3:44 of 3rd period - Shot Misses the Net.
3:44 of 3rd period - Puck is out of play.
3:45 of 3rd period - Corey Locke wins face-off versus Curtis McKenzie in Penguins zone.
3:48 of 3rd period - Snap shot by Tom Sestito.
3:48 of 3rd period - Stopped by Keith Kinkaid with a rebound.
4:11 of 3rd period - Minor Penalty to Matt Kassian for Holding.
4:12 of 3rd period - Curtis McKenzie wins face-off versus Jim O'Brien in Penguins zone.
4:26 of 3rd period - Slapshot by Sami Salo.
4:26 of 3rd period - Stopped by Keith Kinkaid with a rebound.
4:28 of 3rd period - Slapshot by Sami Salo.
4:28 of 3rd period - Shot Misses the Net.
4:30 of 3rd period - Slapshot by Sami Salo.
4:30 of 3rd period - Goal by Sami Salo - Penguins : 2 - Checkers : 1.
4:31 of 3rd period - Taylor Matson wins face-off versus Philippe Cornet in neutral zone.
4:35 of 3rd period - Sami Salo is hit by Andrej Sustr and loses puck.
4:42 of 3rd period - Snap shot by Sami Salo.
4:42 of 3rd period - Stopped by Keith Kinkaid with a rebound.
4:44 of 3rd period - Snap shot by Sean Backman.
4:44 of 3rd period - Deflect By Triston Grant.
4:44 of 3rd period - Shot Blocked by Xavier Ouellet.
4:44 of 3rd period - Puck is out of play.
4:45 of 3rd period - Charles Sarault wins face-off versus Taylor Matson in Penguins zone.
4:50 of 3rd period - Charles Sarault is hit by Sean Backman and loses puck.
5:00 of 3rd period - Icing by Xavier Ouellet.
5:01 of 3rd period - Jim O'Brien wins face-off versus Charles Sarault in Penguins zone.
5:10 of 3rd period - Snap shot by Brian McGrattan.
5:10 of 3rd period - Stopped by Keith Kinkaid with a rebound.
5:22 of 3rd period - Slapshot by Philippe Cornet.
5:22 of 3rd period - Deflect By Charles Sarault.
5:22 of 3rd period - Shot Misses the Net.
5:22 of 3rd period - Puck is out of play.
5:23 of 3rd period - Andrew Clark wins face-off versus Linden Vey in Checkers zone.
5:23 of 3rd period - Andrew Clark is hit by Curtis McKenzie.
6:28 of 3rd period - Julien Brouillette is hit by Garrett Meurs and loses puck.
7:48 of 3rd period - Hunter Bishop is hit by Brian McGrattan and loses puck.
8:07 of 3rd period - Wrist shot by Brian McGrattan.
8:07 of 3rd period - Shot Blocked by Cody Ceci.
8:29 of 3rd period - Carson McMillan is hit by Matt Pelech and loses puck.
8:45 of 3rd period - Minor Penalty to Tom Sestito for Holding.
8:46 of 3rd period - Charles Sarault wins face-off versus Taylor Matson in Checkers zone.
8:59 of 3rd period - Slapshot by Andrej Sustr.
8:59 of 3rd period - Shot Blocked by Sean Backman.
9:04 of 3rd period - Minor Penalty to Taylor Matson for Holding.
9:05 of 3rd period - Charles Sarault wins face-off versus Andrew Clark in Checkers zone.
9:41 of 3rd period - Slapshot by Andrej Sustr.
9:41 of 3rd period - Deflect By Sami Salo.
9:41 of 3rd period - Stopped by Drew MacIntyre with a rebound.
9:43 of 3rd period - Slapshot by Xavier Ouellet.
9:43 of 3rd period - Stopped by Drew MacIntyre without a rebound.
9:44 of 3rd period - Jim O'Brien wins face-off versus Linden Vey in Checkers zone.
9:44 of 3rd period - Jim O'Brien is hit by Carson McMillan.
10:16 of 3rd period - Slapshot by Andrej Sustr.
10:16 of 3rd period - Deflect By Nick Crawford.
10:16 of 3rd period - Stopped by Drew MacIntyre with a rebound.
10:18 of 3rd period - Snap shot by Garrett Meurs.
10:18 of 3rd period - Shot Hit the Post.
10:20 of 3rd period - Backhand shot by Charles Sarault.
10:20 of 3rd period - Shot Misses the Net.
10:30 of 3rd period - Andrew Clark is hit by Xavier Ouellet.
10:45 of 3rd period - Penalty to Tom Sestito is over, Tom Sestito is back on ice.
11:04 of 3rd period - Penalty to Taylor Matson is over, Taylor Matson is back on ice.
11:17 of 3rd period - Cody Ceci is hit by Jim O'Brien and loses puck.
11:44 of 3rd period - Dan Biega is hit by Tom Sestito and loses puck.
12:14 of 3rd period - Icing by J.T. Wyman.
12:15 of 3rd period - Curtis McKenzie wins face-off versus Corey Locke in Checkers zone.
12:16 of 3rd period - Slapshot by Cody Ceci.
12:16 of 3rd period - Shot Misses the Net.
13:09 of 3rd period - Xavier Ouellet is hit by Mike Cornell and loses puck.
13:21 of 3rd period - Off-side.
13:22 of 3rd period - Curtis McKenzie wins face-off versus Taylor Matson in neutral zone.
13:25 of 3rd period - Slapshot by Matt Kassian.
13:25 of 3rd period - Shot Misses the Net.
13:36 of 3rd period - Matt Kassian beats up Andrew Campbell.
13:36 of 3rd period - Penalty to Andrew Campbell for Fighting.
13:36 of 3rd period - Penalty to Matt Kassian for Fighting.
13:37 of 3rd period - Curtis McKenzie wins face-off versus Jim O'Brien in neutral zone.
13:41 of 3rd period - Off-side.
13:42 of 3rd period - Curtis McKenzie wins face-off versus Jim O'Brien in neutral zone.
13:45 of 3rd period - Nick Crawford is hit by Andrej Sustr and loses puck.
14:30 of 3rd period - Wrist shot by Andrej Sustr.
14:30 of 3rd period - Stopped by Drew MacIntyre without a rebound.
14:31 of 3rd period - Taylor Matson wins face-off versus Charles Sarault in Checkers zone.
14:31 of 3rd period - Taylor Matson is hit by Cody Ceci.
14:42 of 3rd period - Slapshot by Blake Parlett.
14:42 of 3rd period - Deflect By Triston Grant.
14:42 of 3rd period - Shot Misses the Net.
14:42 of 3rd period - Puck is out of play.
14:43 of 3rd period - Linden Vey wins face-off versus Corey Locke in Penguins zone.
15:11 of 3rd period - Wrist shot by Jeff Schultz.
15:11 of 3rd period - Deflect By Linden Vey.
15:11 of 3rd period - Shot Blocked by Blake Parlett.
15:11 of 3rd period - Puck is out of play.
15:12 of 3rd period - Taylor Matson wins face-off versus Charles Sarault in Checkers zone.
15:24 of 3rd period - Xavier Ouellet is hit by Julien Brouillette and loses puck.
15:34 of 3rd period - Minor Penalty to Mike Cornell for Holding.
15:35 of 3rd period - Linden Vey wins face-off versus Andrew Clark in Checkers zone.
15:35 of 3rd period - Slapshot by Cody Ceci.
15:35 of 3rd period - Deflect By Carson McMillan.
15:35 of 3rd period - Stopped by Drew MacIntyre with a rebound.
15:37 of 3rd period - Slapshot by Jeff Schultz.
15:37 of 3rd period - Stopped by Drew MacIntyre with a rebound.
15:39 of 3rd period - Wrist shot by Curtis McKenzie.
15:39 of 3rd period - Stopped by Drew MacIntyre with a rebound.
17:05 of 3rd period - Cody Bass is hit by Jeff Schultz and loses puck.
17:25 of 3rd period - Slapshot by Andrej Sustr.
17:25 of 3rd period - Stopped by Drew MacIntyre with a rebound.
17:27 of 3rd period - Wrist shot by Charles Sarault.
17:27 of 3rd period - Stopped by Drew MacIntyre without a rebound.
17:28 of 3rd period - Taylor Matson wins face-off versus Charles Sarault in Checkers zone.
17:34 of 3rd period - Penalty to Mike Cornell is over, Mike Cornell is back on ice.
17:45 of 3rd period - Garrett Meurs is hit by Nick Crawford and loses puck.
18:00 of 3rd period - Icing by Hunter Bishop.
18:01 of 3rd period - Jim O'Brien wins face-off versus Curtis McKenzie in Penguins zone.
18:02 of 3rd period - Wrist shot by Brian McGrattan.
18:02 of 3rd period - Stopped by Keith Kinkaid with a rebound.
18:06 of 3rd period - Snap shot by Jim O'Brien.
18:06 of 3rd period - Stopped by Keith Kinkaid with a rebound.
18:08 of 3rd period - Snap shot by Jim O'Brien.
18:08 of 3rd period - Stopped by Keith Kinkaid with a rebound.
18:48 of 3rd period - Tom Sestito beats up Dean Arsene.
18:48 of 3rd period - Penalty to Tom Sestito for Fighting.
18:48 of 3rd period - Penalty to Dean Arsene for Fighting.
18:49 of 3rd period - Garrett Meurs wins face-off versus Taylor Matson in Penguins zone.
18:58 of 3rd period - Slapshot by Philippe Cornet.
18:58 of 3rd period - Stopped by Drew MacIntyre with a rebound.
19:00 of 3rd period - Snap shot by Garrett Meurs.
19:00 of 3rd period - Stopped by Drew MacIntyre with a rebound.
19:02 of 3rd period - Snap shot by Garrett Meurs.
19:02 of 3rd period - Shot Blocked by Andrew Campbell.
19:08 of 3rd period - Slapshot by Cody Ceci.
19:08 of 3rd period - Shot Blocked by Andrew Campbell.
19:10 of 3rd period - Snap shot by Philippe Cornet.
19:10 of 3rd period - Shot Misses the Net.
19:26 of 3rd period - Minor Penalty to Andrew Campbell for Slashing.
19:27 of 3rd period - Linden Vey wins face-off versus Andrew Clark in Checkers zone.
19:38 of 3rd period - Snap shot by Andrej Sustr.
19:38 of 3rd period - Goal by Andrej Sustr - Penguins : 3 - Checkers : 1.
19:39 of 3rd period - Taylor Matson wins face-off versus Linden Vey in neutral zone.
19:50 of 3rd period - Snap shot by Carson McMillan.
19:50 of 3rd period - Stopped by Drew MacIntyre with a rebound.
19:52 of 3rd period - Slapshot by Cody Ceci.
19:52 of 3rd period - Shot Misses the Net.
Goals for this period are 2 for Penguins vs 1 for Checkers.
Shots for this period are 19 for Penguins vs 9 for Checkers.


Output by the SimonT Hockey Simulator (STHS) for Eric Dolegowski -- Original Page W3C XHTML 1.0 Valid
Hockey Simulator - Hockey Simulation - Hockey Manager